 Dungeon Crawl Stone Soup version 0.21.1-1-g345015fe64 (webtiles) character file.

164701 WBergamot the Severer (level 17, -5/158 HPs)
             Began as a Hill Orc Monk on July 30, 2018.
             Was a High Priest of Beogh.
             Killed by a malign offering
             ... invoked by a deep elf high priest
              (10 damage)
             ... on level 3 of the Elven Halls.
             The game lasted 03:18:26 (34748 turns).

WBergamot the Severer (Hill Orc Monk)              Turns: 34748, Time: 03:18:27

Health: -5/158     AC: 32    Str: 26    XL:     17   Next: 56%
Magic:  26/28      EV:  4    Int: 12    God:    Beogh [*****.]
Gold:   573        SH: 38    Dex: 11    Spells: 16/16 levels left

rFire    + . .     SeeInvis +   G - +6 war axe (freeze)
rCold    + + .     Gourm    .   V - +18 shield of the Gong {rElec rN+ MR+ EV-5}
rNeg     + . .     Faith    .   x - +2 plate armour {rC+}
rPois    +         Spirit   .   r - +1 helmet "Murryrad" {rElec Dex-2 SInv}
rElec    +         Reflect  +   p - +2 cloak {rPois}
rCorr    +         Harm     .   S - +2 pair of gloves
MR       ++...     Rnd*Rage +   W - +2 pair of boots
Stlth    ..........             l - +6 amulet of reflection
HPRegen  0.36/turn              j - +5 ring of slaying
MPRegen  0.21/turn              Q - +5 ring of strength

@: about to teleport, resistant
A: walk on water, berserk 1, clever 1
}: 1/15 runes: gossamer
a: Smiting, Recall Orcish Followers, Give Item to Named Follower, Renounce
Religion


You were on level 3 of the Elven Halls.
You worshipped Beogh.
Beogh was extremely pleased with you.
You were not hungry.

You visited 6 branches of the dungeon, and saw 30 of its levels.
You also visited: Ice Cave.

You collected 3551 gold pieces.
You spent 2978 gold pieces at shops.

Inventory:

Hand Weapons
 z - a +1 whip of freezing
 G - a +6 war axe of freezing (weapon)
Missiles
 b - 976 stones
 g - 34 tomahawks (quivered)
 U - 8 silver tomahawks
Armour
 p - a +2 cloak of poison resistance (worn)
 r - the +1 helmet "Murryrad" (worn) {rElec Dex-2 SInv}
   (You took it off Robin on level 2 of the Dungeon)

   It affects your dexterity (-2).
   It insulates you from electricity.
   It lets you see invisible.
 x - a +2 plate armour of cold resistance (worn)
 D - a +2 buckler
 O - a +0 shield
 S - a +2 pair of gloves (worn)
 V - the +18 shield of the Gong (worn) {rElec rN+ MR+ EV-5}
   (You bought it in a shop on level 2 of the Orcish Mines)

   It affects your evasion (-5).
   It insulates you from electricity.
   It protects you from negative energy.
   It affects your resistance to hostile enchantments.
 W - a +2 pair of boots (worn)
Jewellery
 h - an uncursed amulet of faith
 j - a +5 ring of slaying (left hand)
 l - a +6 amulet of reflection (around neck)
 q - an uncursed ring of see invisible {unknown}
 y - a +3 ring of strength
 E - an uncursed amulet of the gourmand
 I - an uncursed ring of protection from fire
 N - an uncursed amulet of regeneration
 Q - a +5 ring of strength (right hand)
 X - an uncursed ring of flight
 Y - an uncursed ring of wizardry {unknown}
Wands
 a - a wand of enslavement (14)
 s - a wand of iceblast (33)
 t - a wand of flame (28)
 v - a wand of disintegration (29)
 B - a wand of digging (9)
 F - a wand of paralysis (11)
 P - a wand of acid (12)
Scrolls
 i - a scroll of silence
 k - 3 scrolls of fog
 n - 5 scrolls of fear
 o - 14 scrolls of teleportation
 w - 7 scrolls of blinking
 C - a scroll of summoning
 J - 2 scrolls of magic mapping
 R - 2 scrolls of identify
 T - 3 scrolls of remove curse
Potions
 d - 9 potions of brilliance
 e - 2 potions of haste
 f - 10 potions of curing
 m - 6 potions of heal wounds
 u - a potion of invisibility
 H - a potion of cancellation
 L - 3 potions of ambrosia
 Z - 2 potions of agility
Miscellaneous
 M - a phial of floods
Comestibles
 c - 41 rations
 K - 2 chunks of flesh


   Skills:
 + Level 16.2 Fighting
 + Level 20.3 Axes
 - Level 0.7 Throwing
 + Level 15.0 Armour
 - Level 2.4 Dodging
 - Level 1.5 Stealth
 * Level 13.7 Shields
 + Level 15.3 Invocations


You had 16 spell levels left.
You didn't know any spells.

Dungeon Overview and Level Annotations

Branches:
Dungeon (14/15)            Temple (1/1) D:4            Lair (6/6) D:11
 Shoals (0/4) Lair:3       Spider (4/4) Lair:3        Slime (0/5) Lair:6
    Orc (2/2) D:9             Elf (3/3) Orc:2        Vaults (0/5) D:14

Altars:
Fedhas
Gozag
Hepliaklqana
Kikubaaqudgha
Makhleb
Nemelex Xobeh
Qazlal
Ru
Sif Muna
Trog
Uskayaw
Vehumet
Zin
The Shining One
Beogh

Shops:
D:10 (?*!*   Orc:2 ?![([   Elf:3 (

Annotations:
Lair:4 exclusion: 3 oklob plants


Innate Abilities, Weirdness & Mutations

You can walk on water.
You tend to lose your temper in combat.
Your mind is acute. (Int +2)


Message History

Bogbarth shoots a bolt.
The bolt hits the deep elf high priest.
The deep elf annihilator is empowered by the deep elf high priest's aura!
The deep elf high priest invokes the aid of its god against you.
Something smites you!
* * * LOW HITPOINT WARNING * * *
The deep elf death mage moves out of view.
A deep elf sorcerer comes into view. It is wielding a whip.
As you read the scroll of teleportation, it crumbles to dust.
You feel strangely unstable.
Orkrul hits the deep elf high priest from afar with a halberd!!!
The deep elf high priest dies!
Beogh accepts your kill.
Beogh appreciates your killing of a heretic priest.
Your Armour skill increases to level 15!
The deep elf sorcerer mumbles some strange words.
The deep elf sorcerer seems to speed up.
The deep elf high priest shouts, "You are a heretic and must be destroyed!"
The deep elf high priest utters a dark prayer and points at you.
Your life force is offered up.
You die...

#....((..###.##........#
#...)...## #..o........#
#..((...# #..'........#
##..)..## ####..(.....#
#...(.## ##.......#
#...((# ##......#
#(..).# ##....##
##..oo### #..## ##.ooo@#
++# #'o##..# ######)#
e(# e.# e.# e##


ee You could see a deep elf blademaster, a deep elf annihilator, a deep elf
death mage, a deep elf sorcerer, 2 deep elf high priests, a friendly orc
warlord, the friendly Bogbarth the orc warlord, the friendly Harm the orc
warlord, the friendly Orkrul the orc warlord, the friendly Agrik the orc knight
and the friendly Bogwik the orc knight.

Vanquished Creatures
  A deep elf blademaster (Elf:3)
  3 emperor scorpions
  3 ghost moths (Spider:4)
  A spark wasp (Spider:3)
  2 ice dragons
  3 hydras
  2 catoblepae (Lair:6)
  2 centaur warriors (D:14)
  2 two-headed ogres
  10 dancing weapons
  2 death yaks (Lair:6)
  Urug (Lair:3)
  2 orc high priests
  6 deep elf knights
  3 unseen horrors (shapeshifter)
  2 unseen horrors
  4 deep elf archers
  27 deep elf magi
  Pikel (D:6)
  8 ugly things
  An oklob plant (Lair:4)
  4 orb spiders
  An orc sorcerer (Orc:1)
  3 wolf spiders
  2 manticores
  A cyclops (D:12)
  2 moths of wrath
  2 ice statues (IceCv)
  A torpor snail (Lair:3)
  4 black mambas
  A gargoyle (D:13)
  2 centaur skeletons
  5 spiny frogs
  A rime drake (shapeshifter) (D:14)
  4 rime drakes
  3 komodo dragons
  An efreet (D:14)
  3 demonic crawlers
  12 jumping spiders
  A polar bear (Lair:6)
  7 trolls
  3 hornets
  9 blink frogs
  5 hippogriffs
  5 slime creatures (D:13)
  11 dream sheep (Lair:6)
  A shadow (D:14)
  41 redbacks
  6 tarantellas
  3 wraiths
  A wyvern (D:10)
  31 yaks
  Eustachio (D:5)
  3 fire elementals
  4 hungry ghosts
  A basilisk (D:11)
  The ghost of IceCat the Shield-Bearer, an amateur GrFi (D:4)
  2 hell hounds (D:11)
  2 soldier ants (D:9)
  5 water moccasins
  9 orc warriors
  5 sky beasts
  A slave (D:6)
  17 ice beasts
  An eye of draining (D:14)
  2 necrophages
  2 phantoms
  11 wolves
  11 ogres
  5 centaurs
  A crocodile (Lair:4)
  A big kobold (D:7)
  9 bullfrogs
  A gnoll sergeant (D:13)
  A wyvern zombie (D:8)
  3 scorpions
  A water moccasin skeleton (D:8)
  8 killer bees
  8 wights
  3 howler monkeys
  4 electric eels
  A lava snake (Lair:4)
  3 crimson imps
  5 human zombies (D:7)
  A quasit (D:12)
  A bullfrog zombie (D:10)
  2 hounds
  4 orc priests
  2 centaur zombies
  3 bullfrog skeletons
  Crazy Yiuf (D:2)
  5 jellies
  14 orc wizards
  Jessica (D:3)
  A human skeleton (D:7)
  2 iguanas
  10 worker ants
  2 hound zombies
  3 mummies (D:7)
  Robin (D:2)
  6 adders
  A gnoll (D:13)
  A howler monkey skeleton (D:7)
  2 shadow imps (D:5)
  3 white imps (Lair:6)
  An ooze (D:5)
  An adder zombie (D:5)
  2 worms
  2 adder skeletons (D:5)
  A dart slug (D:1)
  4 leopard geckos
  24 orcs
  A ball python (D:3)
  9 bats
  7 giant cockroaches
  17 goblins
  4 hobgoblins
  4 jackals
  14 kobolds
  8 frilled lizards
  A giant cockroach zombie (D:6)
  3 leopard gecko skeletons
  8 rats
  2 fungi (Lair:6)
  3 plants
576 creatures vanquished.

Vanquished Creatures (collateral kills)
  A deep elf blademaster (Elf:3)
  A deep elf master archer (Elf:3)
  Gastronok (D:9)
  A deep elf sorcerer (Elf:3)
  An orc warlord (Orc:1)
  The ghost of Atelerd the Devastator, a journeyman OpWz of Sif Muna (D:14)
  3 emperor scorpions (Spider:4)
  Louise (Elf:2)
  A deep elf elementalist (Elf:3)
  The ghost of GeorgeFormbyGrill the Protected, a journeyman GrBe of Trog (D:12)
  A deep elf demonologist (Elf:3)
  Azrael (D:13)
  A deep elf annihilator (Elf:3)
  The ghost of IceCat the Bludgeoner, a journeyman GrFi of Okawaru (Spider:2)
  A spark wasp (Spider:3)
  A deep elf death mage (Elf:1)
  3 deep elf high priests (Elf:3)
  An ice dragon (IceCv)
  2 centaur warriors (D:14)
  A catoblepas (Lair:6)
  5 hydras
  3 two-headed ogres
  16 dancing weapons
  3 death yaks (Lair:6)
  2 small abominations (Elf:3)
  8 deep elf knights
  2 orc knights
  3 deep elf archers
  3 oklob plants (Lair:4)
  8 orb spiders
  4 ugly things
  29 deep elf magi
  9 wolf spiders
  A manticore (Lair:6)
  A slime creature (D:13)
  A black mamba (Lair:5)
  5 spiny frogs
  2 torpor snails
  A rime drake (Lair:5)
  2 kobold demonologists (D:13)
  4 komodo dragons
  6 demonic crawlers
  An efreet (D:13)
  A troll (D:11)
  14 jumping spiders
  A wind drake (shapeshifter) (D:14)
  6 blink frogs
  7 dream sheep (Lair:6)
  3 hippogriffs
  34 redbacks
  2 air elementals (Elf:1)
  2 water elementals (Elf:1)
  14 tarantellas
  2 wyverns
  14 yaks
  2 basilisks
  A fire elemental (Elf:2)
  A warg (Orc:2)
  3 hell hounds (D:13)
  2 water moccasins
  3 porcupines
  5 orc warriors
  A sky beast (D:8)
  A hornet zombie (D:9)
  4 ogres
  11 wolves
  4 centaurs
  8 crocodiles
  A big kobold (D:11)
  A wyvern zombie (D:9)
  4 bullfrogs
  A wyvern skeleton (D:11)
  2 scorpions
  2 crimson imps
  A bullfrog zombie (D:13)
  A hound (D:11)
  4 orc priests
  5 orc wizards
  2 bullfrog skeletons
  An iguana (D:12)
  A hound skeleton (D:8)
  3 gnolls (D:13)
  An adder (D:9)
  A shadow imp (D:11)
  5 orcs
  A quokka (D:10)
  A kobold (D:13)
  A bush (Lair:6)
  A crawling corpse (Elf:3)
  19 fungi
  16 plants
365 creatures vanquished.

Vanquished Creatures (others)
  4 orc knights
  A deep elf mage (Elf:1)
  4 orc sorcerers
  16 orc warriors
  A centaur (D:14)
  10 orc priests
  10 orc wizards
  39 orcs
  A kobold (D:3)
  17 fungi
  6 plants
109 creatures vanquished.

Grand Total: 1050 creatures vanquished

Notes
Turn   | Place    | Note
-------+----------+-------------------------------------------
     0 | D:1      | WBergamot the Hill Orc Monk began the quest for the Orb.
     0 | D:1      | Reached XP level 1. HP: 19/19 MP: 1/1
   181 | D:1      | Reached XP level 2. HP: 15/27 MP: 2/2
   843 | D:1      | Reached skill level 1 in Armour
  1031 | D:1      | Reached XP level 3. HP: 32/33 MP: 3/3
  1353 | D:2      | Found a sparkling altar of Nemelex Xobeh.
  1480 | D:2      | Reached skill level 5 in Axes
  1586 | D:2      | Found an ancient bone altar of Kikubaaqudgha.
  1716 | D:2      | Noticed Robin
  1752 | D:2      | Killed Robin
  1752 | D:2      | Reached XP level 4. HP: 40/40 MP: 4/4
  1763 | D:2      | Got a smoking helmet
  1775 | D:2      | Identified the +1 helmet "Murryrad" {rElec Dex-2 SInv} (You took it off Robin on level 2 of the Dungeon)
  1887 | D:2      | Found a runed door.
  2130 | D:2      | Reached skill level 6 in Axes
  2467 | D:2      | Noticed Crazy Yiuf
  2472 | D:2      | Killed Crazy Yiuf
  2472 | D:2      | Reached XP level 5. HP: 46/46 MP: 5/5
  2966 | D:3      | Noticed Jessica
  2971 | D:3      | Killed Jessica
  2971 | D:3      | Reached skill level 7 in Axes
  3024 | D:3      | Found a deep blue altar of Sif Muna.
  3039 | D:3      | Reached XP level 6. HP: 38/52 MP: 6/6
  3160 | D:4      | Found a transporter.
  3185 | D:4      | Found a transporter.
  3271 | D:4      | Found a staircase to the Ecumenical Temple.
  3286 | D:4      | Reached skill level 8 in Axes
  3366 | D:4      | Noticed IceCat's ghost (amateur GrFi)
  3383 | D:4      | Killed IceCat's ghost
  3383 | D:4      | Reached skill level 9 in Axes
  3383 | D:4      | Reached XP level 7. HP: 19/60 MP: 7/7
  3385 | Temple   | Entered the Ecumenical Temple
  4425 | D:5      | Entered Level 5 of the Dungeon
  4472 | D:5      | Reached skill level 10 in Axes
  4693 | D:5      | Noticed Eustachio
  4743 | D:5      | Killed Eustachio
  4743 | D:5      | Reached XP level 8. HP: 67/67 MP: 8/8
  4810 | D:5      | Reached skill level 11 in Axes
  5046 | D:6      | Reached skill level 5 in Fighting
  5106 | D:6      | Reached skill level 12 in Axes
  5280 | D:6      | Reached skill level 5 in Armour
  5280 | D:6      | Reached XP level 9. HP: 51/74 MP: 9/9
  5530 | D:6      | Reached skill level 13 in Axes
  5536 | D:6      | Noticed Pikel
  5554 | D:6      | Became a worshipper of Beogh the Brigand
  5554 | D:6      | Reached * piety under Beogh
  5554 | D:6      | Reached ** piety under Beogh
  5555 | D:6      | Killed Pikel
  5803 | D:6      | Reached skill level 14 in Axes
  5828 | D:6      | Found a transporter.
  5839 | D:6      | Found a hazy altar of Hepliaklqana.
  5851 | D:6      | Found a transporter.
  6017 | D:7      | Found Fuugur's Jewellery Emporium.
  6282 | D:7      | Found a glowing golden altar of the Shining One.
  6285 | D:7      | Found a burning altar of Makhleb.
  6285 | D:7      | Found an opulent altar of Gozag.
  6288 | D:7      | Found a glowing silver altar of Zin.
  6378 | D:7      | Reached XP level 10. HP: 84/84 MP: 10/10
  6524 | D:7      | Found a hide-covered altar of Uskayaw.
  6524 | D:7      | Found a bloodstained altar of Trog.
  6763 | D:7      | Reached skill level 15 in Axes
  6876 | D:7      | Found an ancient bone altar of Kikubaaqudgha.
  6900 | D:7      | Reached *** piety under Beogh
  6982 | D:7      | Reached skill level 1 in Invocations
  8381 | D:9      | Found a staircase to the Orcish Mines.
  8388 | D:9      | Noticed Gastronok
  8404 | D:9      | Killed Gastronok
  8404 | D:9      | Reached skill level 16 in Axes
  8404 | D:9      | Reached XP level 11. HP: 57/94 MP: 13/15
  8610 | D:9      | Found a blossoming altar of Fedhas.
  8764 | D:9      | Found a stormy altar of Qazlal.
  9267 | D:9      | Found a blossoming altar of Fedhas.
  9333 | D:10     | Entered Level 10 of the Dungeon
  9653 | D:10     | Found Wefevick's General Store.
  9657 | D:10     | Noticed a two-headed ogre
  9666 | D:10     | Killed a two-headed ogre
  9679 | D:10     | Noticed a two-headed ogre
  9688 | D:10     | Killed a two-headed ogre
  9688 | D:10     | Reached **** piety under Beogh
  9689 | D:10     | Found Onoc's Magic Scroll Boutique.
  9738 | D:10     | Bought a scroll of noise for 15 gold pieces
  9787 | D:10     | Found Giczubips's Distillery.
  9790 | D:10     | Bought a potion of heal wounds for 60 gold pieces
  9790 | D:10     | Bought a potion of heal wounds for 60 gold pieces
  9790 | D:10     | Bought a potion of heal wounds for 60 gold pieces
  9790 | D:10     | Bought a potion of curing for 36 gold pieces
  9926 | D:10     | Found Ylla's Weapon Shop.
  9932 | D:10     | Got a faintly humming ring mail
 10201 | D:10     | Found Weishro's General Store.
 10497 | D:10     | Identified the +6 ring mail of Mezcal {Int+5} (You found it on level 10 of the Dungeon)
 10569 | D:11     | Noticed a five-headed hydra
 10580 | D:11     | Killed a five-headed hydra
 10753 | D:11     | Reached skill level 10 in Fighting
 10779 | D:11     | Found a frozen archway.
 10782 | D:11     | Noticed a five-headed hydra
 10790 | D:11     | Killed a six-headed hydra
 10805 | IceCv    | Entered an ice cave
 11827 | IceCv    | Reached XP level 12. HP: 108/108 MP: 17/17
 11872 | IceCv    | Noticed an ice dragon
 11873 | IceCv    | Noticed an ice dragon
 11897 | IceCv    | Killed an ice dragon
 11897 | IceCv    | Reached skill level 10 in Armour
 11902 | IceCv    | Killed an ice dragon
 12452 | D:11     | Noticed a two-headed ogre
 12459 | D:11     | Killed a two-headed ogre
 12657 | D:11     | Found a staircase to the Lair.
 13141 | D:12     | Noticed a two-headed ogre
 13148 | D:12     | Killed a two-headed ogre
 13175 | D:12     | Noticed GeorgeFormbyGrill's ghost (journeyman GrBe)
 13189 | D:12     | Killed GeorgeFormbyGrill's ghost
 13803 | Lair:1   | Entered Level 1 of the Lair of Beasts
 13826 | Lair:1   | Reached skill level 17 in Axes
 13839 | Lair:1   | Got a vibrating golden ring
 14134 | Lair:1   | Identified the ring of Xom's Hope {rF+ Int+2 Slay-3 SInv} (You found it on level 1 of the Lair of Beasts)
 14976 | Lair:2   | Reached XP level 13. HP: 91/118 MP: 20/20
 15582 | Lair:2   | Reached skill level 10 in Invocations
 15978 | Lair:3   | Found a staircase to the Shoals.
 15985 | Lair:3   | Noticed Urug
 15994 | Lair:3   | Killed Urug
 16196 | Lair:3   | Found a hole to the Spider Nest.
 16201 | Lair:3   | Reached ***** piety under Beogh
 16203 | Lair:3   | Reached skill level 1 in Shields
 16420 | Lair:3   | You fall through a shaft for 3 floors!
 16420 | Lair:6   | Entered Level 6 of the Lair of Beasts
 16450 | Lair:6   | Gained Morbeogh as an ally
 16637 | Lair:6   | Found a staircase to the Slime Pits.
 16888 | Lair:6   | Gained Bogwik as an ally
 17378 | Lair:6   | Reached skill level 18 in Axes
 17519 | Lair:6   | Reached XP level 14. HP: 129/129 MP: 22/22
 17585 | Lair:6   | Reached skill level 5 in Shields
 18019 | Lair:6   | Identified the Guide on the Gliding Escort
 19271 | Lair:5   | Gained Harm as an ally
 20625 | Lair:4   | Your ally Morbeogh died
 21539 | D:13     | Gained Gorm as an ally
 21824 | D:13     | Your ally Gorm died
 21841 | D:13     | Noticed Azrael
 21846 | D:13     | Killed Azrael
 22726 | D:14     | Gained Bogbarth as an ally
 22997 | D:14     | Found a gate to the Vaults.
 23019 | D:14     | Reached XP level 15. HP: 134/138 MP: 24/24
 23084 | D:14     | Noticed Atelerd's ghost (journeyman OpWz)
 23089 | D:14     | Killed Atelerd's ghost
 23989 | Spider:1 | Entered Level 1 of the Spider Nest
 24229 | Spider:1 | Got a steaming halberd
 24390 | Spider:1 | Noticed an emperor scorpion
 24402 | Spider:1 | Killed an emperor scorpion
 24441 | Spider:1 | Reached skill level 19 in Axes
 24797 | Spider:2 | Noticed IceCat's ghost (journeyman GrFi)
 24812 | Spider:1 | Reached ****** piety under Beogh
 25333 | Spider:2 | Killed IceCat's ghost
 25344 | Spider:2 | Got a scorched chain mail
 25355 | Spider:2 | Identified the cursed +0 chain mail of the Guardian {Dex+3} (You found it on level 2 of the Spider Nest)
 26444 | Spider:3 | Reached skill level 10 in Shields
 27149 | Spider:3 | Reached skill level 15 in Fighting
 27193 | Spider:4 | Entered Level 4 of the Spider Nest
 27267 | Spider:4 | Noticed an emperor scorpion
 27277 | Spider:4 | Killed an emperor scorpion
 27436 | Spider:4 | Reached XP level 16. HP: 124/149 MP: 26/26
 28118 | Spider:4 | Got a gossamer rune of Zot
 28725 | Orc:1    | Entered Level 1 of the Orcish Mines
 29361 | Orc:1    | Found a roughly hewn altar of Beogh.
 29804 | Orc:2    | Entered Level 2 of the Orcish Mines
 29804 | Orc:2    | Found a staircase to the Elven Halls.
 29907 | Orc:2    | Found Gaopt's Distillery.
 29915 | Orc:2    | Bought a potion of heal wounds for 75 gold pieces
 29915 | Orc:2    | Bought a potion of curing for 45 gold pieces
 29937 | Orc:2    | Paralysed by an orc sorcerer for 3 turns
 30052 | Orc:2    | Found a roughly hewn altar of Beogh.
 30159 | Orc:2    | Gained mutation: You tend to lose your temper in combat. [a neqoxec]
 30163 | Orc:2    | Found Fusiuly's Antique Armour Boutique.
 30171 | Orc:2    | Gained mutation: Your mind is acute. (Int +2) [a neqoxec]
 30172 | Orc:2    | Found a roughly hewn altar of Beogh.
 30180 | Orc:2    | Found Fiown's Antique Weapon Shop.
 30225 | Orc:2    | Bought the +18 shield of the Gong {rElec rN+ MR+ EV-5} for 2627 gold pieces
 30225 | Orc:2    | Found the +18 shield of the Gong {rElec rN+ MR+ EV-5}
 30305 | Orc:2    | Gained Wardok as an ally
 30312 | Orc:2    | Found a roughly hewn altar of Beogh.
 30326 | Orc:2    | Gained Wargath as an ally
 30424 | Orc:2    | Found a roughly hewn altar of Beogh.
 30429 | Orc:2    | Found Sidinne's Magic Scroll Shop.
 30479 | Orc:2    | Found a roughly hewn altar of Beogh.
 30490 | Orc:2    | Found Jixiwk Zusa's Antique Armour Boutique.
 30620 | Orc:2    | Found a roughly hewn altar of Beogh.
 30719 | Orc:2    | Found a roughly hewn altar of Beogh.
 30844 | Elf:1    | Entered Level 1 of the Elven Halls
 30956 | Elf:1    | Found a radiant altar of Vehumet.
 31484 | Elf:1    | Gained Agrik as an ally
 31576 | Elf:1    | Gained Orkrul as an ally
 32623 | Elf:2    | Reached skill level 20 in Axes
 32838 | Elf:2    | Reached XP level 17. HP: 146/158 MP: 28/28
 32898 | Elf:2    | Found a runed gate.
 32898 | Elf:2    | Found a runed gate.
 32898 | Elf:2    | Found a runed gate.
 32945 | Elf:2    | Noticed Louise
 32948 | Elf:2    | Your ally Wargath died
 32954 | Elf:2    | Your ally Wardok died
 32956 | Elf:2    | Killed Louise
 33597 | Elf:3    | Entered Level 3 of the Elven Halls
 33602 | Elf:2    | Reached skill level 15 in Invocations
 33681 | Elf:2    | Gained Arbolt as an ally
 34558 | Elf:3    | Found Firghyqeorph's Weapon Boutique.
 34661 | Elf:3    | Noticed an Executioner
 34665 | Elf:3    | Noticed a deep elf blademaster
 34673 | Elf:3    | Killed a deep elf blademaster
 34694 | Elf:3    | Noticed a deep elf master archer
 34696 | Elf:3    | Killed a deep elf master archer
 34698 | Elf:3    | Noticed a deep elf blademaster
 34699 | Elf:3    | Killed a deep elf blademaster
 34743 | Elf:3    | HP: 1/158 [deep elf high priest/damnation (18)]
 34748 | Elf:3    | Reached skill level 15 in Armour
 34748 | Elf:3    | Killed from afar by a deep elf high priest

Skill      XL: |  1  2  3  4  5  6  7  8  9 10 11 12 13 14 15 16 17 |
---------------+----------------------------------------------------+-----
Armour         | 1 2 3 5 6 7 9 11 12 13 14 15 | 15.0
Fighting       | 4 5 6 8 10 12 13 14 15 16 | 16.2
Axes           | 5 6 7 9 10 12 14 16 17 18 19 20 | 20.3
Invocations    | 6 9 11 12 13 14 15 | 15.3
Shields        | 4 8 10 12 13 | 13.7
Throwing       | |  0.7
Dodging        | |  2.4
Stealth        | |  1.5

Action                   |  1- 3 |  4- 6 |  7- 9 | 10-12 | 13-15 | 16-18 || total
-------------------------+-------+-------+-------+-------+-------+-------++-------
Melee: Hand axe          |    55 |       |       |       |       |       ||    55
       War axe           |    16 |   128 |   185 |   376 |   633 |   337 ||  1675
       Spear             |       |       |       |   206 |       |       ||   206
       Whip              |       |       |       |    35 |    20 |       ||    55
Throw: Tomahawk          |     5 |     3 |     1 |     1 |       |       ||    10
Invok: Convert to Beogh  |       |       |     1 |       |       |       ||     1
       Recall Orcish Fol |       |       |       |     4 |    20 |    22 ||    46
       Smiting           |       |       |       |     5 |    13 |    25 ||    43
       Give Item to Name |       |       |       |       |     3 |     5 ||     8
       Stop Recall       |       |       |       |       |       |     3 ||     3
       Resurrection      |       |       |       |       |       |     1 ||     1
Evoke: Wand              |       |       |       |     5 |       |       ||     5
  Use: Scroll            |       |    12 |     7 |    14 |    20 |     4 ||    57
       Potion            |       |     1 |     2 |    10 |     4 |     5 ||    22
 Stab: Distracted        |       |       |       |     1 |     5 |     6 ||    12
  Eat: Chunk             |     2 |     6 |     6 |    17 |    20 |    10 ||    61
       Ration            |       |       |     1 |     4 |     6 |     4 ||    15
Armor: Robe              |     1 |       |       |       |       |       ||     1
       Ring mail         |    31 |    25 |    54 |   167 |   331 |    38 ||   646
       Leather armour    |       |     3 |       |       |       |       ||     3
       Plate armour      |       |       |       |    99 |       |    92 ||   191
       Ice dragon scales |       |       |       |     3 |       |       ||     3
Dodge: Dodged            |    45 |    52 |    76 |   196 |   240 |    34 ||   643
Block: Other             |     9 |    32 |    45 |   138 |    19 |       ||   243
       Reflection        |       |     2 |     8 |     4 |     9 |    33 ||    56
       Buckler           |       |       |       |       |    64 |       ||    64
       Shield            |       |       |       |       |   363 |   394 ||   757
